 Dungeon Crawl Stone Soup version 0.19.3-4-gbf9329e (webtiles) character file.

801 galech the Cudgeler (level 7, -5/75 HPs)
             Began as an Ogre Fighter on Jan 30, 2017.
             Was an Initiate of Makhleb.
             Slain by Prince Ribbit (12 damage)
             ... on level 5 of the Dungeon.
             The game lasted 00:09:06 (5461 turns).

galech the Cudgeler (Ogre Fighter)                  Turns: 5461, Time: 00:09:07

Health: -5/75      AC:  3    Str: 22      XL:     7   Next: 90%
Magic:  7/7        EV:  9    Int:  7      God:    Makhleb [......]
Gold:   212        SH:  9    Dex:  8 (9)  Spells: 0 memorised, 6 levels left

rFire  + . .     SeeInvis .     x - +0 morningstar
rCold  x . .     Gourm    .     b - +0 robe
rNeg   . . .     Faith    .     c - +0 shield
rPois  .         Spirit   .     (helmet restricted)
rElec  .         Reflect  .     (no cloak)
rCorr  .         Harm     .     (gloves unavailable)
MR     .....                    (boots unavailable)
Stlth  +.........               (no amulet)
                                (no ring)
                                h - ring of fire

@: no status effects
A: unfitting armour, talons 1, deterioration 1, tough skin 1, weak 1
a: Renounce Religion


You were on level 5 of the Dungeon.
You worshipped Makhleb.
Makhleb was noncommittal.
You were hungry.

You visited 1 branch of the dungeon, and saw 5 of its levels.

You collected 212 gold pieces.

Inventory:

Hand Weapons
 a - a +0 flail
 e - a +0 giant spiked club
 x - a +0 morningstar (weapon)
 y - a +1 mace of draining
Armour
 b - a +0 robe (worn)
 c - a +0 shield (worn)
Jewellery
 h - a ring of fire (left hand)
Scrolls
 i - 3 scrolls of magic mapping {unknown}
 j - a scroll of fear {unknown}
 m - 3 scrolls of immolation {unknown}
 n - a scroll of fog {unknown}
 o - 4 scrolls of remove curse {unknown}
 p - 4 scrolls of identify {unknown}
 r - a scroll of enchant armour {unknown}
 s - a scroll of recharging {unknown}
 t - 2 scrolls of teleportation {unknown}
 u - 2 scrolls of blinking {unknown}
 w - a scroll of enchant weapon {unknown}
Potions
 d - 2 potions of might
 k - a potion of heal wounds
 q - a potion of haste {unknown}
 v - 2 potions of flight {unknown}
Comestibles
 f - 5 bread rations
 g - a slice of pizza
 l - a beef jerky


   Skills:
 + Level 6.0 Fighting
 + Level 7.6 Maces & Flails
 + Level 4.2 Dodging
 + Level 1.0 Stealth
 + Level 4.4 Shields


You had 6 spell levels left.
You didn't know any spells.

Dungeon Overview and Level Annotations

Branches:
Dungeon (5/15)             Temple (0/1) D:4

Altars:
Hepliaklqana
Makhleb

Annotations:
D:4 galech's ghost, amateur OgFi
D:5 Prince Ribbit


Innate Abilities, Weirdness & Mutations

You are too large for most types of armour.
You have tough skin. (AC +1)
You have sharp toenails.
Your body sometimes deteriorates upon taking damage.
You are weak. (Str -2)


Message History

Prince Ribbit hits you.
* * * LOW HITPOINT WARNING * * *
Prince Ribbit closely misses you.
Prince Ribbit blinks!
You block Prince Ribbit's attack.
You miss Prince Ribbit. Your kick misses Prince Ribbit.
Prince Ribbit is heavily wounded.
You block Prince Ribbit's attack. You block Prince Ribbit's attack.
You block Prince Ribbit's attack.
Prince Ribbit blinks!
Prince Ribbit blinks!
Prince Ribbit croaks regally.
Prince Ribbit blinks!
Prince Ribbit blinks!
You barely miss Prince Ribbit.
Prince Ribbit is heavily wounded.
Prince Ribbit hits you but does no damage.
You block Prince Ribbit's attack. Prince Ribbit hits you!
You die...

#..#.#.#.##....#
#..#.#...##....#
#######..#.#.#.......#
#....................#
#.#####(.###.###.##+## #.#
#..# #.# #.##.# ..# #..#
#.# #..#.# ..# #..#
#.####.#.## ..#####..#
#...F@....#
#........########.#.######.
######.........##.#........
....................####.##
#.####...#####.#..........
.............#.#.#.#####..
#.#<##.#####.#.#.#.#
#.#.##.# #.#.#.#.# #.#.##.#
#.#.#.#.#


You could see Prince Ribbit.

Vanquished Creatures
  A sky beast (D:3)
  4 ogres
  A scorpion (D:3)
  An orc priest (D:4)
  An iguana (D:3)
  3 worker ants
  A howler monkey skeleton (D:4)
  10 adders
  An adder skeleton (D:4)
  2 dart slugs (D:1)
  3 leopard geckos
  4 orcs
  A ball python (D:3)
  5 giant cockroaches
  6 goblins
  8 hobgoblins
  4 jackals (D:1)
  3 quokkas
  8 bats
  2 frilled lizards
  13 kobolds
  12 rats
94 creatures vanquished.

Notes
Turn   | Place    | Note
-------+----------+-------------------------------------------
     0 | D:1      | galech the Ogre Fighter began the quest for the Orb.
     0 | D:1      | Reached XP level 1. HP: 24/24 MP: 1/1
   106 | D:1      | Reached skill level 3 in Maces & Flails
   186 | D:1      | Reached XP level 2. HP: 31/32 MP: 2/2
   732 | D:1      | Reached XP level 3. HP: 39/39 MP: 3/3
  1129 | D:2      | Found a hazy altar of Hepliaklqana.
  1179 | D:2      | Reached skill level 4 in Maces & Flails
  1179 | D:2      | Reached XP level 4. HP: 29/49 MP: 4/4
  2065 | D:2      | Reached XP level 5. HP: 30/55 MP: 5/5
  2391 | D:3      | Noticed a sky beast
  2402 | D:3      | Killed a sky beast
  2402 | D:3      | Reached skill level 5 in Maces & Flails
  2408 | D:3      | Gained mutation: You have sharp toenails. [mutagenic meat]
  2409 | D:3      | Gained mutation: You are weak. (Str -2) [mutagenic meat]
  2821 | D:3      | Reached XP level 6. HP: 21/65 MP: 6/6
  3169 | D:3      | Found a burning altar of Makhleb.
  3169 | D:3      | Noticed a green death
  3173 | D:3      | Noticed a hellwing
  3173 | D:3      | Noticed an orange demon
  3175 | D:3      | Became a worshipper of Makhleb the Destroyer
  3683 | D:4      | Reached skill level 1 in Stealth
  3716 | D:4      | Reached skill level 5 in Fighting
  3716 | D:4      | Reached skill level 6 in Maces & Flails
  3963 | D:3      | Reached XP level 7. HP: 25/72 MP: 7/7
  3964 | D:3      | Gained mutation: You are agile. (Dex +2) [potion of mutation]
  3964 | D:3      | Gained mutation: Your body sometimes deteriorates upon taking damage. [potion of mutation]
  3964 | D:3      | Lost mutation: You are agile. (Dex +2) [potion of mutation]
  4332 | D:4      | Noticed galech's ghost (amateur OgFi)
  4887 | D:4      | Reached skill level 7 in Maces & Flails
  5037 | D:4      | Found a staircase to the Ecumenical Temple.
  5233 | D:5      | Entered Level 5 of the Dungeon
  5415 | D:5      | Noticed Prince Ribbit
  5424 | D:5      | HP: 1/75 [Prince Ribbit (4)]
  5435 | D:5      | HP: 1/75 [Prince Ribbit (2)]
  5461 | D:5      | Slain by Prince Ribbit

Skill      XL: |  1  2  3  4  5  6  7 |
---------------+----------------------+-----
Maces & Flails | 3 4 5 6 7 |  7.6
Shields        | 3 4 |  4.4
Dodging        | 3 4 |  4.2
Stealth        | 1 |  1.0
Fighting       | 5 6 |  6.0

Action                   |  1- 3 |  4- 6 |  7- 9 || total
-------------------------+-------+-------+-------++-------
Melee: Flail             |   119 |   187 |    54 ||   360
       Kick              |       |    23 |    18 ||    41
       Morningstar       |       |       |    15 ||    15
       Mace              |       |       |     5 ||     5
  Use: Potion            |       |     1 |     3 ||     4
 Stab: Sleeping          |     2 |       |       ||     2
  Eat: Chunk             |     1 |    11 |     4 ||    16
Armor: Robe              |    46 |    39 |     8 ||    93
       Skin              |       |    10 |       ||    10
Dodge: Dodged            |    75 |    82 |    25 ||   182
Block: Shield            |    87 |    92 |    25 ||   204
